 Dungeon Crawl Stone Soup version 0.30-a0-1124-g6e8f0f562f (webtiles) character file.

Game seed: 1625505161739318240

111610 jasper the Bewitcher (level 16, 0/82 HPs)
             Began as a Spriggan Conjurer on Apr 23, 2023.
             Was the Champion of Vehumet.
             Slain by an anaconda (9 damage)
             ... on level 3 of the Lair of Beasts.
             The game lasted 01:07:46 (40852 turns).

jasper the Bewitcher (Spriggan Conjurer)           Turns: 40852, Time: 01:07:47

Health: 0/82       AC:  8    Str:  3    XL:     16   Next: 9%
Magic:  0/37       EV: 21    Int: 28    God:    Vehumet [******]
Gold:   1248       SH:  0    Dex: 13    Spells: 2/47 levels left

rFire   + . .        y - staff of conjuration
rCold   . . .        (shield currently unavailable)
rNeg    . . .        a - +0 robe
rPois   .            (helmet restricted)
rElec   .            p - +1 cloak
rCorr   .            (gloves unavailable)
SInv    +            (boots unavailable)
Will    ++...        s - amulet of regeneration
Stlth   ++++         l - ring of protection from fire
HPRegen 1.13/turn    w - +4 ring of protection
MPRegen 0.25/turn

%: no passive effects
@: constricted, very quick
A: very small, no large weapons, unfitting armour, see invisible, speed 3
a: Renounce Religion


You were on level 3 of the Lair of Beasts.
You worshipped Vehumet.
Vehumet was exalted by your worship.
You visited 5 branches of the dungeon, and saw 24 of its levels.
You visited the Abyss 1 time.
You also visited: Bailey.

You collected 2546 gold pieces.
You spent 1298 gold pieces at shops.

Inventory:

Missiles
 b - 4 curare-tipped darts
 f - 55 poisoned darts
 i - 4 throwing nets
 Y - 2 datura-tipped darts
Armour
 a - a +0 robe (worn)
 p - a +1 cloak (worn)
Magical Staves
 u - a staff of cold
 y - a staff of conjuration (weapon)
Jewellery
 k - a +6 ring of dexterity
 l - a ring of protection from fire (left hand)
 s - an amulet of regeneration (around neck)
 w - a +4 ring of protection (right hand)
 N - a ring of positive energy
 S - an amulet of faith
 U - a ring of protection from fire
 X - a +4 ring of slaying
Wands
 o - a wand of charming (7)
 J - a wand of roots (7)
 K - a wand of flame (1)
 M - a wand of polymorph (12)
 Z - a wand of digging (6)
Scrolls
 c - a scroll of brand weapon {unknown}
 d - 3 scrolls of immolation
 e - 3 scrolls of magic mapping
 g - 8 scrolls of teleportation
 h - 7 scrolls of vulnerability
 x - 7 scrolls of fear
 z - 2 scrolls of butterflies
 A - 2 scrolls of fog
 F - 3 scrolls of enchant weapon
 G - 3 scrolls of enchant armour
 I - 2 scrolls of blinking
 L - a scroll of poison {unknown}
 P - 10 scrolls of identify
 Q - 2 scrolls of noise
Potions
 j - 3 potions of curing
 m - 2 potions of haste
 n - 6 potions of lignification
 q - 2 potions of resistance
 r - 3 potions of mutation
 t - 4 potions of cancellation
 v - 3 potions of degeneration
 B - 2 potions of flight
 C - 5 potions of attraction
 D - 2 potions of might
 E - a potion of invisibility
 O - 3 potions of brilliance
 V - a potion of berserk rage
 W - a potion of ambrosia
Miscellaneous
 R - a condenser vane


   Skills:
 - Level 8.6 Fighting
 - Level 13.6 Dodging
 - Level 10.1 Stealth
 - Level 16.0 Spellcasting
 - Level 6.0 Conjurations
 + Level 19.4 Hexes
 - Level 7.1 Necromancy
 - Level 7.0 Translocations
 - Level 7.1 Earth Magic


You had 2 spell levels left.
You knew the following spells:

 Your Spells              Type           Power      Damage    Failure   Level
a - Yara's Violent Unrav  Hex/Tmut       33%        3d14      1%          5
b - Discord               Hex            46%        N/A       4%          8
c - Fulminant Prism       Conj/Hex       48%        3d21      1%          4
d - Iskenderun's Mystic   Conj/Tloc      73%        2d15      1%          4
e - Blink                 Tloc           100%       N/A       1%          2
f - Passwall              Tmut/Erth      35%        N/A       1%          2
g - Borgnjor's Vile Clut  Necr/Erth      29%        N/A       3%          5
h - Stone Arrow           Conj/Erth      100%       3d13      1%          3
i - Lee's Rapid Deconstr  Erth           29%        3d15*     1%          5
j - Enfeeble              Hex            46%        N/A       1%          7

Your spell library contained the following spells:

 Spells                   Type           Power      Damage    Failure   Level
 Starburst                Conj/Fire      28%        6d9       24%         6
 Magic Dart               Conj           100%       1d8       1%          1
 Shock                    Conj/Air       100%       1d9       1%          1
 Ensorcelled Hibernation  Hex/Ice        100%       N/A       1%          2
 Lesser Beckoning         Tloc           100%       N/A       1%          2
 Momentum Strike          Conj/Tloc      100%       3d10      1%          2
 Searing Ray              Conj           100%       2d8       1%          2
 Sublimation of Blood     Necr           58%        N/A       1%          2
 Wereblood                Tmut           22%        N/A       3%          2
 Tukima's Dance           Hex            92%        N/A       0%          3
 Cause Fear               Hex            46%        N/A       0%          4
 Dazzling Flash           Conj/Hex       100%       N/A       1%          3
 Frozen Ramparts          Ice            44%        1d7       1%          3
 Inner Flame              Hex/Fire       67%        N/A       1%          3
 Portal Projectile        Hex/Tloc       100%       N/A       1%          3
 Vhi's Electric Charge    Tloc/Air       84%        N/A       1%          3
 Volatile Blastmotes      Fire/Tloc      84%        2d17      1%          3
 Anguish                  Hex/Necr       38%        N/A       1%          4
 Animate Dead             Necr           58%        N/A       1%          4
 Leda's Liquefaction      Hex/Erth       38%        N/A       1%          4
 Manifold Assault         Tloc           57%        N/A       1%          4
 Metabolic Englaciation   Hex/Ice        33%        N/A       1%          5
 Animate Armour           Summ/Erth      84%        N/A       4%          4
 Arcjolt                  Conj/Air       28%        1d38      4%          5
 Fireball                 Conj/Fire      28%        3d12      4%          5
 Ozocubu's Armour         Ice            22%        N/A       6%          3
 Spider Form              Tmut/Pois      22%        N/A       6%          3
 Swiftness                Air            22%        N/A       6%          3
 Olgreb's Toxic Radiance  Pois           22%        N/A       6%          4
 Freezing Cloud           Conj/Ice/Air   25%        6-21      7%          5
 Death Channel            Necr           29%        N/A       17%         6
 Ice Form                 Ice/Tmut       22%        N/A       22%         4
 Summon Ice Beast         Ice/Summ       22%        N/A       22%         4
 Blade Hands              Tmut           11%        N/A       52%         5
 Plasma Beam              Fire/Air       11%        2x1d24    58%         6
 Simulacrum               Ice/Necr       21%        N/A       58%         6
 Statue Form              Tmut/Erth      28%        N/A       58%         6
 Lehudib's Crystal Spear  Conj/Erth      36%        10d9      90%         8
 Storm Form               Tmut/Air       11%        N/A       100%        7
 Summon Hydra             Summ           11%        N/A       100%        7
 Ignition                 Fire           11%        3d5       100%        8


Dungeon Overview and Level Annotations

Branches:
Dungeon (15/15)            Temple (1/1) D:5            Lair (5/5) D:8
  Swamp (0/4) Lair:2        Snake (1/4) Lair:3        Slime (0/5) Lair:4
    Orc (2/2) D:12            Elf (0/3) Orc:2        Depths (0/4) D:15
 Bailey (visited)
 Vaults: D:13-14

Altars:
Cheibriados
Dithmenos
Fedhas
Gozag
Hepliaklqana
Kikubaaqudgha
Makhleb
Nemelex Xobeh
Okawaru
Trog
Uskayaw
Vehumet
Wu Jian

Shops:
D:8 :   Orc:2 !:![

Portals:
Pandemonium: Orc:2

Annotations:
D:13 exclusion: obsidian statue
Lair:3 exclusion: 2 oklob plants
Orc:1 Fannar


Innate Abilities, Weirdness & Mutations

You are very small and have problems with some larger weapons.
You are too small for most types of armour.
You have supernaturally acute eyesight. (SInv)
You cover ground extremely quickly. (Speed+++)


Message History

The black mamba bites you!
* * * LOW HITPOINT WARNING * * *
You take 6 damage, and have 19/82 hp.
Things that are here:
a +0 shortbow of flaming; a black mamba corpse; a salamander corpse
There is a staircase back to the Lair here.
The anaconda closely misses you. The anaconda misses you.
The anaconda grabs you.
You stop ascending the stairs.
The anaconda barely misses you. The anaconda constricts you.
* * * LOW HITPOINT WARNING * * *
You can't go down here!
You escape the anaconda's grasp.
The anaconda completely misses you. The anaconda closely misses you.
You climb upwards.
Welcome back to the Lair of Beasts!
Level annotation: exclusion: 2 oklob plants
There is a staircase to the Snake Pit here.
You regained 2 hp, and now have 24/82 hp.
You don't have enough magic to cast this spell.
You don't have enough magic to cast this spell.
Unknown command.
The anaconda closely misses you. x2
The anaconda attacks as you move away! The anaconda completely misses you.
The anaconda attacks as you move away! The anaconda barely misses you.
The anaconda attacks as you move away! The anaconda completely misses you.
The anaconda bites you!
* * * LOW HITPOINT WARNING * * *
You take 12 damage, and have 21/82 hp.
The anaconda attacks as you move away! The anaconda completely misses you.
The anaconda bites you!
* * * LOW HITPOINT WARNING * * *
You take 14 damage, and have 8/82 hp.
Casting: Iskenderun's Mystic Blast (safe; 1% risk of failure)
Confirm with . or Enter, or press ? or * to list all spells.
Aiming: Borgnjor's Vile Clutch (dangerous; 3% risk of failure)
Press: ? - help, Shift-Dir - straight line, f - anaconda
Aim: an anaconda (moderately wounded, 100% to hit)
Zombie hands grab the anaconda.
The zombie hands constrict the anaconda!
The anaconda grabs you. The anaconda bites you!
You die...

#..............## #####......#..
.#..............# ##..###..#.....
####............###.......####..#
##............#...#....# ####
#.#...............###.##
#####...............###..###
...#...............###.....# ###
......................#...#####..
................@S..............#
P.###............................
#.# #......................#...##
.## ##...................###...#
.## #....................###...#
..###........................#.#
.............................###
####.#................P...#..##
###....!.........#...####..###


You could see an anaconda (clutched).

Vanquished Creatures
  Rupert (D:12)
  Frances (D:12)
  Roxanne (D:14)
  Louise (D:14)
  A fire dragon (Lair:5)
  2 vault guards (D:14)
  An ice dragon (D:15)
  3 demonspawn (Orc:2)
  4 centaur warriors
  7 two-headed ogres
  6 hydras
  2 boulder beetles
  A death knight (D:14)
  4 orc high priests (Orc:2)
  Urug (Lair:2)
  3 death yaks (Lair:4)
  Nergalle (Lair:2)
  Sonja (D:12)
  A sun demon (Orc:2)
  4 skysharks
  A soul eater (Orc:2)
  5 skeletal warriors (D:13)
  A swamp dragon (Lair:5)
  A mana viper (Snake:1)
  2 bog bodies (Lair:2)
  A necromancer (Lair:2)
  4 orc knights (Orc:2)
  5 deep elf pyromancers
  A wolf spider (D:15)
  8 orc sorcerers (Orc:2)
  A manticore (D:14)
  2 oklob plants
  2 ugly things (D:11)
  5 cyclopes
  6 centaur zombies (D:12)
  3 elephants (Lair:4)
  Joseph (D:7)
  2 smoke demons
  8 black mambas
  7 cane toads
  2 torpor snails (Lair:5)
  A gargoyle (D:11)
  3 unseen horrors
  A yaktaur (D:15)
  An efreet (D:15)
  A kobold demonologist (D:11)
  2 rime drakes
  6 komodo dragons
  A queen bee (D:11)
  3 trolls
  4 meliai
  9 polar bears (Lair:5)
  A hornet (D:9)
  3 raiju
  5 blink frogs (Lair:5)
  2 meliai zombies (D:12)
  9 shadows
  11 slime creatures
  25 yaks
  4 small abominations (Abyss:2)
  2 wraiths
  2 vampires (D:11)
  A chaos spawn (Abyss:2)
  4 wyverns
  7 basilisks
  2 steam dragons
  2 large abominations (Abyss:2)
  A steam dragon (shapeshifter) (D:12)
  3 vampire mosquitoes (D:12)
  7 wargs
  20 water moccasins
  3 swamp worms (Lair:2)
  An acid dragon (D:9)
  15 hell hounds (Lair:5)
  29 orc warriors
  14 black bears
  7 ice beasts
  6 swamp drakes (Lair:5)
  27 wolves
  7 ogres
  3 sky beasts
  A phantom (D:5)
  7 centaurs
  3 kobold brigands
  12 bullfrogs
  A gnoll sergeant (D:10)
  2 scorpions
  10 wights
  43 killer bees
  2 howler monkeys
  2 electric eels
  23 orc priests
  3 hounds
  3 gnoll boudas
  3 jellies
  An iron imp (D:13)
  20 orc wizards
  4 iguanas
  3 sleepcaps
  3 polar bear simulacra (Lair:2)
  2 yak simulacra (Lair:2)
  2 wolf simulacra (Lair:2)
  26 gnolls
  5 adders (D:3)
  4 white imps
  3 ufetubi
  4 worms
  2 dart slugs
  58 orcs
  7 ball pythons
  3 endoplasms
  A giant cockroach (D:1)
  11 goblins
  18 hobgoblins
  9 jackals
  2 quokkas (D:2)
  4 bats
  5 frilled lizards (D:1)
  29 kobolds
  9 rats
  4 river rat simulacra (Lair:2)
723 creatures vanquished.

Vanquished Creatures (collateral kills)
  A tentacled starspawn (Abyss:2)
  2 vault guards (D:14)
  2 ogre magi (D:15)
  A centaur warrior (D:13)
  A naga sharpshooter (Snake:1)
  A shock serpent (Snake:1)
  A sea snake (Snake:1)
  3 orc knights
  2 mana vipers (Snake:1)
  An ugly thing (D:15)
  A salamander (Snake:1)
  2 manticores (D:15)
  7 black mambas (Snake:1)
  2 naga magi (Snake:1)
  A large abomination (Abyss:2)
  A hornet (shapeshifter) (D:15)
  2 raiju (Abyss:2)
  A fire bat (Abyss:2)
  3 nagas (Snake:1)
  A warg (D:15)
  5 orc warriors (D:15)
  An ogre (D:15)
  6 centaurs
  An orc wizard (D:15)
  An ufetubus (Abyss:2)
  3 orcs (D:15)
  4 starspawn tentacles (Abyss:2)
57 creatures vanquished.

Vanquished Creatures (others)
  A two-headed ogre (D:15)
  A naga warrior (Snake:1)
  A naga sharpshooter (Snake:1)
  A sea snake (Snake:1)
  A mana viper (Snake:1)
  A black mamba (Snake:1)
  A raiju (Abyss:2)
  An orc (D:15)
  111 fulminant prisms
  35 fungi
  88 plants
  4 starspawn tentacles (Abyss:2)
246 creatures vanquished.

Grand Total: 1026 creatures vanquished

Notes
Turn   | Place    | Note
-------+----------+-------------------------------------------
     0 | D:1      | jasper the Spriggan Conjurer began the quest for the Orb.
     0 | D:1      | Reached XP level 1. HP: 9/9 MP: 5/5
   347 | D:1      | Reached XP level 2. HP: 13/13 MP: 4/6
   389 | D:1      | Learned a level 2 spell: Searing Ray
  1099 | D:1      | Reached XP level 3. HP: 16/16 MP: 6/8
  2526 | D:3      | Noticed an ogre
  2543 | D:3      | Killed an ogre
  2544 | D:3      | Reached XP level 4. HP: 21/21 MP: 1/9
  2544 | D:3      | Reached XP level 5. HP: 24/24 MP: 1/10
  2549 | D:3      | Learned a level 4 spell: Fulminant Prism
  2886 | D:3      | Reached skill level 5 in Conjurations
  3554 | D:3      | Reached XP level 6. HP: 24/28 MP: 1/11
  3974 | D:3      | Found a faded altar of an unknown god.
  4173 | D:4      | Found an ornate altar of the Wu Jian Council.
  4175 | D:4      | Found a hazy altar of Hepliaklqana.
  4182 | D:4      | Found a burning altar of Makhleb.
  4183 | D:4      | Found a bloodstained altar of Trog.
  4185 | D:4      | Found a snail-covered altar of Cheibriados.
  4186 | D:4      | Found an opulent altar of Gozag.
  4192 | D:4      | Found a blossoming altar of Fedhas.
  4193 | D:4      | Found an ancient bone altar of Kikubaaqudgha.
  4449 | D:4      | Learned a level 4 spell: Iskenderun's Mystic Blast
  4699 | D:4      | Reached skill level 1 in Translocations
  4842 | D:5      | Entered Level 5 of the Dungeon
  4945 | D:5      | Reached XP level 7. HP: 32/32 MP: 0/12
  5150 | D:5      | Reached skill level 5 in Translocations
  5326 | D:5      | Found a staircase to the Ecumenical Temple.
  5435 | Temple   | Entered the Ecumenical Temple
  5440 | Temple   | Became a worshipper of Vehumet
  5912 | D:6      | Identified 2 scrolls of acquirement
  5912 | D:6      | Acquired a staff of conjuration
  5915 | D:6      | Acquired a book of Spatial Translocations
  6094 | D:6      | Reached skill level 1 in Hexes
  6169 | D:6      | Reached skill level 2 in Hexes
  6169 | D:6      | Reached XP level 8. HP: 35/37 MP: 10/14
  6171 | D:6      | Reached skill level 1 in Fighting
  6284 | D:6      | Reached skill level 3 in Hexes
  6364 | D:6      | Learned a level 2 spell: Blink
  6367 | D:6      | Learned a level 2 spell: Passwall
  6493 | D:6      | Reached skill level 4 in Hexes
  6518 | D:6      | Reached * piety under Vehumet
  6518 | D:6      | Offered knowledge of Foxfire by Vehumet.
  6519 | D:6      | Reached skill level 5 in Stealth
  7168 | D:6      | Reached skill level 5 in Hexes
  7337 | D:7      | Noticed Joseph
  7375 | D:7      | Reached skill level 5 in Spellcasting
  7491 | D:7      | Reached XP level 9. HP: 43/43 MP: 8/17
  7496 | D:7      | Reached skill level 5 in Dodging
  7731 | D:7      | Found a flagged portal.
  7741 | Bailey   | Entered a bailey
  7824 | Bailey   | Noticed an orc warlord
  7845 | Bailey   | Offered knowledge of Sandblast by Vehumet.
  7847 | Bailey   | Reached ** piety under Vehumet
  8112 | Bailey   | Reached skill level 6 in Hexes
  8263 | Bailey   | Found a runed translucent gate.
  8264 | Bailey   | Found a runed translucent gate.
  8265 | Bailey   | Found a runed translucent gate.
  8457 | Bailey   | Reached skill level 10 in Stealth
  8457 | Bailey   | Reached skill level 10 in Hexes
  8457 | Bailey   | Reached XP level 10. HP: 51/51 MP: 5/22
  8464 | Bailey   | Learned a level 5 spell: Borgnjor's Vile Clutch
  8570 | D:7      | Killed Joseph
  9057 | D:8      | You fall into a shaft and drop 2 floors!
  9057 | D:10     | Entered Level 10 of the Dungeon
  9259 | D:10     | Offered knowledge of Ignite Poison by Vehumet.
  9260 | D:10     | Reached skill level 1 in Necromancy
  9260 | D:10     | Reached skill level 1 in Earth Magic
  9686 | D:10     | Reached *** piety under Vehumet
  9894 | D:10     | Noticed a two-headed ogre
  9911 | D:10     | Killed a two-headed ogre
 10262 | D:11     | Noticed a cyclops
 10273 | D:11     | Noticed a green ugly thing
 10282 | D:10     | Killed a cyclops
 10283 | D:10     | Reached XP level 11. HP: 34/54 MP: 0/24
 10441 | D:9      | Offered knowledge of Frozen Ramparts by Vehumet.
 10626 | D:9      | Paralysed by a hornet for 1 turns
 11145 | D:9      | Identified the +4 scale mail of Dramatic Exits {Harm Dex+5
                  | SInv}
 11586 | D:9      | Found an iron altar of Okawaru.
 11667 | D:8      | Reached **** piety under Vehumet
 11732 | D:8      | Noticed a green ugly thing
 11773 | D:8      | Offered knowledge of Stone Arrow by Vehumet.
 11778 | D:8      | Learned a level 3 spell: Stone Arrow
 11871 | D:8      | Reached skill level 5 in Necromancy
 11871 | D:8      | Reached skill level 5 in Earth Magic
 12212 | D:8      | Found a staircase to the Lair.
 12335 | D:8      | Noticed a walking frostbound tome
 12336 | D:8      | Found Reifowoh's Book Emporium.
 12337 | D:8      | Noticed a walking earthen tome
 12380 | D:8      | Bought a book of Hexes for 396 gold pieces
 12540 | D:11     | Noticed a two-headed ogre
 12617 | D:11     | Killed a green ugly thing
 12695 | D:11     | Noticed a six-headed hydra
 12701 | D:11     | Killed a six-headed hydra
 12932 | D:11     | Killed a two-headed ogre
 13267 | D:11     | Noticed a six-headed hydra
 13272 | D:11     | Reached ***** piety under Vehumet
 13275 | D:11     | Offered knowledge of Spellforged Servitor by Vehumet.
 13279 | D:11     | Killed a six-headed hydra
 13280 | D:11     | Reached XP level 12. HP: 58/58 MP: 11/25
 13458 | D:11     | Noticed a centaur warrior
 13477 | D:11     | Killed a centaur warrior
 13602 | D:11     | Reached skill level 5 in Fighting
 13605 | D:11     | Noticed a two-headed ogre
 13609 | D:11     | Learned a level 5 spell: Lee's Rapid Deconstruction
 13612 | D:11     | Killed a two-headed ogre
 13761 | D:11     | Noticed a two-headed ogre
 14065 | D:11     | Noticed a centaur warrior
 14221 | D:11     | Killed a two-headed ogre
 14389 | D:11     | Killed a centaur warrior
 14390 | D:11     | Reached skill level 10 in Spellcasting
 14708 | D:11     | Noticed a boulder beetle
 15172 | Lair:1   | Entered Level 1 of the Lair of Beasts
 15645 | Lair:1   | Reached skill level 10 in Dodging
 15935 | Lair:1   | Noticed a boulder beetle
 16122 | Lair:2   | Noticed Urug
 16134 | Lair:2   | Killed Urug
 16587 | Lair:2   | Noticed Nergalle
 16592 | Lair:2   | Killed Nergalle
 16701 | Lair:2   | Got Tuinwoug's Guide on the Breezy Gargoyle
 17047 | Lair:2   | Reached XP level 13. HP: 65/65 MP: 22/29
 17055 | Lair:2   | Learned a level 7 spell: Enfeeble
 17239 | Lair:2   | Offered knowledge of Airstrike by Vehumet.
 17585 | Lair:2   | Found a staircase to the Swamp.
 18168 | Lair:2   | Reached skill level 11 in Hexes
 18903 | Lair:3   | Reached skill level 12 in Hexes
 19118 | Lair:3   | Found a staircase to the Snake Pit.
 19706 | Lair:3   | Reached skill level 13 in Hexes
 20269 | Snake:1  | Entered Level 1 of the Snake Pit
 20782 | Lair:4   | Identified the +6 long sword of Invincibility {freeze,
                  | +Blink Will- Str+2}
 21375 | Lair:4   | Found a staircase to the Slime Pits.
 21692 | Lair:4   | Reached skill level 14 in Hexes
 21740 | Lair:4   | Got the Folio of Accelerants and Hail
 22378 | Lair:5   | Entered Level 5 of the Lair of Beasts
 22893 | Lair:5   | Reached skill level 15 in Hexes
 23951 | Lair:5   | Reached XP level 14. HP: 70/70 MP: 0/31
 28868 | D:12     | Noticed Rupert
 28875 | D:12     | Noticed Sonja
 28880 | D:12     | Killed Sonja
 28903 | D:12     | Killed Rupert
 29086 | D:12     | Identified the +1 long sword of Unpleasantness {flame, rC+
                  | rCorr}
 29409 | D:12     | Found a staircase to the Orcish Mines.
 29474 | D:12     | Noticed Frances
 29481 | D:12     | Killed Frances
 29577 | D:12     | Offered knowledge of Irradiate by Vehumet.
 29930 | Orc:1    | Entered Level 1 of the Orcish Mines
 30240 | Orc:2    | Entered Level 2 of the Orcish Mines
 31207 | Orc:2    | Reached skill level 15 in Spellcasting
 31825 | Orc:2    | Reached ****** piety under Vehumet
 32021 | Orc:2    | Found a staircase to the Elven Halls.
 32067 | Orc:1    | Noticed Fannar
 32257 | Orc:2    | Offered knowledge of Arcjolt by Vehumet.
 32555 | Orc:2    | Found Reiz's Distillery.
 32735 | Orc:2    | Found Roseub's Distillery.
 33225 | Orc:2    | Reached XP level 15. HP: 77/77 MP: 15/35
 34837 | Orc:2    | Found Figacan's Antique Armour Shoppe.
 34837 | Orc:2    | Found Les Onak's Book Emporium.
 34838 | Orc:2    | Found a one-way gate leading to the halls of Pandemonium.
 34842 | Orc:2    | Bought the Unrestrained Analects for 506 gold pieces
 34842 | Orc:2    | Bought a book of Misfortune for 396 gold pieces
 34848 | Orc:2    | Learned a level 5 spell: Yara's Violent Unravelling
 34857 | Orc:2    | Learned a level 8 spell: Discord
 35096 | D:13     | Offered knowledge of Ozocubu's Refrigeration by Vehumet.
 36154 | D:14     | Reached skill level 16 in Hexes
 36642 | D:14     | Noticed Roxanne
 36647 | D:14     | Killed Roxanne
 36653 | D:14     | Noticed Louise
 36867 | D:15     | Entered Level 15 of the Dungeon
 37481 | D:15     | Reached skill level 17 in Hexes
 37924 | D:15     | Found a staircase to the Depths.
 38973 | Abyss:2  | Cast into level 2 of the Abyss (Louise)
 39244 | Abyss:2  | Reached skill level 18 in Hexes
 39342 | Abyss:2  | Noticed a tentacled starspawn
 39342 | Abyss:2  | Noticed a bone dragon
 39376 | Abyss:2  | Killed a tentacled starspawn
 39390 | Abyss:2  | Noticed a tentacled starspawn
 39392 | Abyss:2  | Noticed a tentacled starspawn
 39451 | Abyss:2  | Found a broken altar of Ashenzari.
 39544 | Abyss:2  | Noticed a tentacled starspawn
 39757 | D:14     | Escaped the Abyss
 39769 | D:14     | Killed Louise
 40569 | Snake:1  | Offered knowledge of Starburst by Vehumet.
 40581 | Snake:1  | Reached skill level 19 in Hexes
 40581 | Snake:1  | Reached XP level 16. HP: 52/82 MP: 23/37
 40852 | Lair:3   | Slain by an anaconda

Illustrated notes

Levels and vault maps discovered:
D:1:      dpeg_arrival_prison, layout_basic, minmay_bisected
D:2:      layout_basic
D:3:      layout_basic, basic_ecumenical_altar, st_stairs_14, hex_tiny
D:4:      layout_cave_pools, nicolae_overflow_hallway_of_the_gods
D:5:      layout_basic, minmay_temple_entry_mist
D:6:      layout_loops_ring, minmay_diced_spiral
D:7:      layout_rooms, enter_bailey_2, uniq_joseph
D:8:      layout_basic, hellmonk_lair_entry_icy, serial_shops,
          nicolae_shop_mannequins, onia_ninara_dug_in_and_dangerous
D:9:      layout_basic, mainiacjoe_overflow_six_doors_small
D:10:     layout_roguey
D:11:     regret_index_combs_of_tragedy, layout_loops_ring,
          nicolae_kite_square_tiling_tiny
D:12:     layout_cave_pools, orc_0_dummy, serial_undead, serial_undead_d,
          serial_undead_d, serial_undead_d, serial_undead_d, uniq_rupert,
          uniq_sonja, uniq_frances
D:13:     layout_cave_pools, serial_column_ruins, column_ruins_courtyard_long,
          column_ruins_grid_3, column_ruins_grid_1,
          column_ruins_columns_straight, column_ruins_open_small,
          column_ruins_corridor_corner, column_ruins_corridor_straight,
          hangedman_devilish_allure
D:14:     layout_cave_pools, erik_vaults_2, uniq_roxanne, uniq_louise
D:15:     grunt_enter_depths_hoard, layout_loops_corners,
          chequers_serial_rivers_micro_e, minmay_fractal_squares_5
Temple:   nicolae_temple_bog_church
Lair:1:   layout_long_grid, tgw_fedhas, serial_bayou_shore_a
Lair:2:   minmay_lair_oklob_chamber, layout_regular_city,
          nicolae_swamp_entry_splash_gauntlet, eino_house_with_fridge,
          serial_bayou_shore_b, grunt_megastairs_5, serial_bayou_shore_b,
          uniq_urug, uniq_nergalle
Lair:3:   layout_layer_cave, minmay_snake_entry_six_corridors
Lair:4:   layout_cave_pods, minmay_slime_entry_pillars
Lair:5:   hangedman_lair_caniforms_friends, layout_regular_city,
          guppyfry_lair_end_dragon
Snake:1:  nicolae_snake_shooting_gallery, layout_cave_shapes,
          portal_ice_cave_entry_ice_statue_one, st_stairs_14,
          nicolae_snake_springs
Orc:1:    layout_caves, basic_altar, uniq_fannar
Orc:2:    pf_orc_diabolical, layout_caves, mines1_david

Skill      XL: |  1  2  3  4  5  6  7  8  9 10 11 12 13 14 15 |
---------------+----------------------------------------------+-----
Conjurations   | 3 4 5 6 |  6.0
Spellcasting   | 3 5 7 8 11 12 15 16 | 16.0
Translocations | 3 7 |  7.0
Dodging        | 3 4 8 10 11 13 | 13.6
Hexes          | 2 5 10 15 19 | 19.4
Fighting       | 2 4 6 8 |  8.6
Stealth        | 5 10 | 10.1
Necromancy     | 3 7 |  7.1
Earth Magic    | 3 7 |  7.1

Action                     |  1- 3 |  4- 6 |  7- 9 | 10-12 | 13-15 | 16-18 || total
---------------------------+-------+-------+-------+-------+-------+-------++-------
  Melee: Unarmed           |     1 |       |       |       |       |       ||     1
         Whip              |     7 |     7 |       |       |       |       ||    14
         Staff             |       |       |       |    10 |   108 |       ||   118
   Cast: Magic Dart        |    99 |    86 |    99 |    37 |       |       ||   321
         Searing Ray       |     2 |    13 |    33 |    24 |       |       ||    72
         Fulminant Prism   |       |       |    18 |    73 |    20 |       ||   111
         Iskenderun's Myst |       |       |       |    11 |    13 |     3 ||    27
         Blink             |       |       |       |     7 |       |       ||     7
         Stone Arrow       |       |       |       |   152 |   493 |     3 ||   648
         Lee's Rapid Decon |       |       |       |    34 |   234 |       ||   268
         Borgnjor's Vile C |       |       |       |    21 |   198 |     2 ||   221
         Enfeeble          |       |       |       |       |    22 |       ||    22
         Passwall          |       |       |       |       |     1 |       ||     1
         Discord           |       |       |       |       |    12 |     4 ||    16
         Yara's Violent Un |       |       |       |       |     2 |       ||     2
  Evoke: Wand              |       |       |       |     7 |     6 |       ||    13
         Condenser vane    |       |       |       |     1 |     3 |       ||     4
    Use: Scroll            |     8 |     4 |     6 |     6 |     8 |       ||    32
         Potion            |       |       |     1 |     1 |     9 |     1 ||    12
   Stab: Invisible         |       |       |       |       |     4 |       ||     4
 Armour: Robe              |     1 |     1 |    10 |    16 |    46 |     6 ||    80
  Dodge: Dodged            |    12 |    11 |    52 |   136 |   411 |    57 ||   679

Table legend: (Time is in decaauts)
 A = Elapsed time spent in this place.
 B = Non-inter-level travel time spent in this place.
 C = Inter-level travel time spent in this place.
 D = Time resting spent in this place.
 E = Time spent auto-exploring this place.
 F = Levels seen in this place.
 G = Mean time per level.
                   A        B        C        D        E       F      G
               +--------+--------+--------+--------+--------+-----+--------+
         Total |  34492 |  33398 |   1094 |   6955 |  21778 |  26 | 1326.6 |
       Dungeon |  17549 |  16754 |    795 |   2991 |  11622 |  15 | 1169.9 |
        Temple |      7 |      5 |      2 |      0 |      0 |   1 |    7.0 |
          Lair |  10821 |  10575 |    246 |   1945 |   7210 |   5 | 2164.2 |
     Snake Pit |    217 |    217 |      0 |      0 |    106 |   1 |  217.0 |
  Orcish Mines |   4527 |   4478 |     49 |   1440 |   2430 |   2 | 2263.5 |
         Abyss |    652 |    652 |      0 |    162 |    262 |   1 |  652.0 |
        Bailey |    717 |    717 |      0 |    417 |    146 |   1 |  717.0 |
               +--------+--------+--------+--------+--------+-----+--------+

Top non-repeatable levels by time:
  Lair:5: 4014 daAuts
   Orc:2: 3208 daAuts
    D:11: 2482 daAuts
  Lair:4: 2140 daAuts
  Lair:2: 2095 daAuts
  Lair:3: 2023 daAuts
    D:10: 1469 daAuts
    D:15: 1411 daAuts
   Orc:1: 1319 daAuts
    D:12: 1283 daAuts
     D:3: 1245 daAuts
     D:9: 1234 daAuts
     D:6: 1190 daAuts
    D:13: 1188 daAuts
    D:14: 1176 daAuts
